 Dungeon Sprint DCSS version 0.23.1 (webtiles) character file.

Game seed: 1864587963113061342

1880 nuthulu the Grappler (level 8, -5/93 HPs)
             Began as a Troll Monk on Mar 7, 2019.
             Was a Priest of Qazlal.
             Slain by a centaur warrior
             ... wielding the +6 spear of the Three Mice {flame, *Noise rC+ SInv}
              (14 damage)
             ... in the Dungeon (Sprint I: "Red Sonja").
             The game lasted 00:01:26 (492 turns).

nuthulu the Grappler (Troll Monk)                    Turns: 492, Time: 00:01:26

Health: -5/93      AC:  6    Str: 22    XL:     8   Next: 91%
Magic:  11/11      EV: 14    Int:  6    God:    Qazlal [***...]
Gold:   420        SH:  4    Dex: 12    Spells: 7/7 levels left

rFire    . . .     SeeInvis .     - Unarmed
rCold    . . .     Gourm    +   (no shield)
rNeg     . . .     Faith    .   a - +0 robe
rPois    .         Spirit   .   (helmet restricted)
rElec    .         Reflect  .   (no cloak)
rCorr    .         Harm     .   (gloves unavailable)
MR       .....     NoTele   +   (boots unavailable)
Stlth    +.........             (no amulet)
HPRegen  0.65/turn              (no ring)
MPRegen  0.12/turn              (no ring)

@: no status effects
A: large, unfitting armour, claws 3, fast metabolism 3, gourmand, regeneration
1, shaggy fur 1, tough skin 3
a: Upheaval, Elemental Force, Renounce Religion


You were in the Dungeon.
You worshipped Qazlal.
Qazlal was most pleased with you.
You were completely stuffed.

You visited 1 branch You collected 420 gold pieces.

Inventory:

Armour
 a - a +0 robe (worn)
Scrolls
 h - a scroll of blinking
Potions
 e - a potion of haste
 f - 2 potions of magic
 g - a potion of berserk rage
Comestibles
 b - 2 rations
 i - a chunk of flesh


   Skills:
 + Level 9.7 Fighting
 + Level 9.6 Dodging
 - Level 1.0 Stealth
 + Level 11.3 Unarmed Combat
 + Level 5.6 Invocations


You had 7 spell levels left.
You didn't know any spells.
Your spell library was empty.

Dungeon Overview and Level Annotations

Branches:
Dungeon (1/1)

Altars:
Cheibriados
Dithmenos
Elyvilon
Fedhas
Gozag
Hepliaklqana
Kikubaaqudgha
Makhleb
Nemelex Xobeh
Okawaru
Qazlal
Ru
Sif Muna
Trog
Uskayaw
Vehumet
Wu Jian
Xom
Yredelemnul
Zin
The Shining One
Jiyva
Lugonu

Shops:
D }


Innate Abilities, Weirdness & Mutations

You are too large for most types of armour.
You have claws for hands.
Your metabolism is lightning-fast.
You like to eat raw meat.
Your natural rate of healing is unusually fast.
You are covered in fur. (AC +1)
You have extremely tough skin. (AC +3)


Message History

* * * LOW HITPOINT WARNING * * *
You scratch the centaur warrior.
The centaur warrior is heavily wounded.
The centaur warrior hits you with the +6 spear of the Three Mice {flame, *Noise rC+ SInv}.
* * * LOW HITPOINT WARNING * * *
The centaur warrior burns you.
* * * LOW HITPOINT WARNING * * *
You claw the centaur warrior!
The centaur warrior is severely wounded.
The centaur warrior hits you with the +6 spear of the Three Mice {flame, *Noise rC+ SInv}.
* * * LOW HITPOINT WARNING * * *
The centaur warrior burns you.
* * * LOW HITPOINT WARNING * * *
The centaur warrior hits you with the +6 spear of the Three Mice {flame, *Noise rC+ SInv}.
* * * LOW HITPOINT WARNING * * *
The centaur warrior burns you.
* * * LOW HITPOINT WARNING * * *
You feel better.
The centaur warrior hits you with the +6 spear of the Three Mice {flame, *Noise rC+ SInv}!
You die...

##########################
#<.#..').#.)'.(#__#..')..#
#..').#..'..#..(..'..#)..#
#..#####'#####'#__####...+
#..####..#...#(####§[#####
#..#__####..##(#§§≈§§#
#..#_____##'#_.@§§§.§'
#⌠⌠#_.∩...'..._#c§≈§§#
####_..__##_.#+##§####
#_____###+# )§? #######
###


You could see a centaur warrior.

Vanquished Creatures
  A centaur warrior (D)
  2 kobold demonologists (D)
  A slime creature (D)
  Sigmund (D)
  A yak (D)
  A floating eye (D)
  An ogre (D)
  A jelly (D)
  Ijyb (D)
10 creatures vanquished.

Notes
Turn   | Place    | Note
-------+----------+-------------------------------------------
     0 | D        | nuthulu the Troll Monk began the quest for the Orb.
     0 | D        | Reached XP level 1. HP: 22/22 MP: 0/0
     1 | D        | Noticed Ijyb
     8 | D        | Killed Ijyb
     8 | D        | Reached skill level 4 in Unarmed Combat
     8 | D        | Reached XP level 2. HP: 29/31 MP: 1/1
    14 | D        | Noticed an ogre
    18 | D        | Killed an ogre
    18 | D        | Reached skill level 5 in Fighting
    18 | D        | Reached skill level 5 in Dodging
    18 | D        | Reached skill level 6 in Unarmed Combat
    18 | D        | Reached XP level 3. HP: 42/42 MP: 2/2
    18 | D        | Reached XP level 4. HP: 50/50 MP: 3/3
    36 | D        | Noticed Sigmund
    53 | D        | Killed Sigmund
    53 | D        | Reached skill level 7 in Unarmed Combat
    53 | D        | Reached XP level 5. HP: 26/61 MP: 4/4
    53 | D        | Reached XP level 6. HP: 29/68 MP: 5/5
   211 | D        | Found an ornate altar of the Wu Jian Council.
   211 | D        | Found a deep blue altar of Sif Muna.
   213 | D        | Found a radiant altar of Vehumet.
   219 | D        | Reached skill level 8 in Unarmed Combat
   249 | D        | Found Daply's Gadget Emporium.
   249 | D        | Found an ancient bone altar of Kikubaaqudgha.
   249 | D        | Found a hazy altar of Hepliaklqana.
   249 | D        | Found a stormy altar of Qazlal.
   249 | D        | Found a hide-covered altar of Uskayaw.
   249 | D        | Found a blossoming altar of Fedhas.
   249 | D        | Found a bloodstained altar of Trog.
   249 | D        | Found an iron altar of Okawaru.
   249 | D        | Found a basalt altar of Yredelemnul.
   249 | D        | Found a glowing golden altar of the Shining One.
   249 | D        | Found a snail-covered altar of Cheibriados.
   249 | D        | Found a sacrificial altar of Ru.
   249 | D        | Found a glowing silver altar of Zin.
   249 | D        | Found a shadowy altar of Dithmenos.
   249 | D        | Found a white marble altar of Elyvilon.
   249 | D        | Noticed a yak
   250 | D        | Found an opulent altar of Gozag.
   256 | D        | Killed a yak
   256 | D        | Reached skill level 9 in Unarmed Combat
   257 | D        | Found a sparkling altar of Nemelex Xobeh.
   278 | D        | Became a worshipper of Qazlal Stormbringer
   278 | D        | Reached * piety under Qazlal
   278 | D        | Reached ** piety under Qazlal
   288 | D        | Found a viscous altar of Jiyva.
   288 | D        | Found a corrupted altar of Lugonu.
   288 | D        | Noticed a slime creature
   289 | D        | Found a burning altar of Makhleb.
   289 | D        | Found a shimmering altar of Xom.
   295 | D        | Killed a slime creature
   295 | D        | Reached XP level 7. HP: 63/80 MP: 6/6
   333 | D        | Noticed a kobold demonologist
   334 | D        | Noticed a kobold demonologist
   335 | D        | Reached skill level 1 in Invocations
   337 | D        | Noticed a chaos spawn
   343 | D        | Killed a kobold demonologist
   343 | D        | Reached skill level 10 in Unarmed Combat
   345 | D        | Noticed a neqoxec
   347 | D        | Killed a kobold demonologist
   347 | D        | Reached *** piety under Qazlal
   347 | D        | Reached XP level 8. HP: 39/92 MP: 7/10
   449 | D        | Noticed a centaur warrior
   460 | D        | Killed a centaur warrior
   460 | D        | Reached skill level 11 in Unarmed Combat
   460 | D        | Reached skill level 5 in Invocations
   478 | D        | Identified the +6 spear of the Three Mice {flame, *Noise
                  | rC+ SInv}
   478 | D        | Noticed a centaur warrior
   491 | D        | HP: 4/93 [centaur warrior/the +6 spear of the Three Mice
                  | {flame, *Noise rC+ SInv} (2)]
   491 | D        | HP: 1/93 [centaur warrior/the +6 spear of the Three Mice
                  | {flame, *Noise rC+ SInv} (1)]
   492 | D        | Slain by a centaur warrior

Skill      XL: |  1  2  3  4  5  6  7  8 |
---------------+-------------------------+-----
Fighting       | 3 5 6 8 9 |  9.7
Dodging        | 3 5 6 8 9 |  9.6
Unarmed Combat | 4 6 7 9 10 11 | 11.3
Invocations    | 4 5 |  5.6
Stealth        | |  1.0

Action                   |  1- 3 |  4- 6 |  7- 9 || total
-------------------------+-------+-------+-------++-------
Melee: Unarmed           |     9 |    29 |    25 ||    63
       Punch             |       |     2 |       ||     2
  Use: Potion            |       |       |     2 ||     2
 Stab: Sleeping          |       |     2 |       ||     2
  Eat: Chunk             |     1 |     7 |     2 ||    10
Armor: Robe              |     1 |     7 |     4 ||    12
Dodge: Dodged            |     5 |     2 |    21 ||    28
Block: Other             |       |       |     1 ||     1
